 Dungeon Crawl Stone Soup version 0.24-a0-67-ga78bd38 (webtiles) character file.

Game seed: 15323403416006551626

6717 galech the Cleaver (level 10, -2/77 HPs)
             Began as a Demonspawn Fighter on Feb 5, 2019.
             Was an Elder of Okawaru.
             Slain by a centaur (4 damage)
             ... on level 10 of the Dungeon.
             The game lasted 00:14:45 (9803 turns).

galech the Cleaver (Demonspawn Fighter)             Turns: 9803, Time: 00:14:45

Health: -2/77      AC: 18    Str: 16    XL:     10   Next: 74%
Magic:  0/10       EV:  2    Int:  9    God:    Okawaru [****..]
Gold:   416        SH: 15    Dex: 17    Spells: 9/9 levels left

rFire    . . .     SeeInvis .   C - +6 war axe
rCold    + . .     Gourm    .   K - +0 large shield
rNeg     . . .     Faith    .   i - +0 plate armour
rPois    .         Spirit   +   (no helmet)
rElec    .         Reflect  .   (no cloak)
rCorr    +         Harm     .   d - +0 pair of gloves
MR       .....                  b - +0 pair of boots
Stlth    ..........             (no amulet)
HPRegen  0.22/turn              n - +3 ring of protection
MPRegen  0.24/turn              v - ring of resist corrosion

@: no status effects
A: cold resistance 1, magic shield, magic regeneration, freezing cloud immunity
a: Heroism, Renounce Religion


You were on level 10 of the Dungeon.
You worshipped Okawaru.
Okawaru was greatly pleased with you.
You were not hungry.

You visited 2 branches of the dungeon, and saw 11 of its levels.
You also visited: Sewer and Ossuary.

You collected 506 gold pieces.
You spent 90 gold pieces at shops.

Inventory:

Hand Weapons
 a - a +0 war axe
 C - a +6 war axe (weapon)
Armour
 b - a +0 pair of boots (worn)
 d - a +0 pair of gloves (worn)
 i - a +0 plate armour (worn)
 y - a +2 robe of fire resistance
 B - the +1 robe of Compression {Str+4 Int+2 SInv}
   (You found it on level 6 of the Dungeon)

   It affects your strength (+4).
   It affects your intelligence (+2).
   It lets you see invisible.
 I - a +2 robe of positive energy
 K - a +0 large shield (worn)
Jewellery
 g - a +4 ring of intelligence
 n - a +3 ring of protection (left hand)
 v - a ring of resist corrosion (right hand)
 w - an uncursed ring of flight
 M - a +2 ring of strength
Wands
 c - a wand of enslavement (12)
 J - a wand of flame (25)
Scrolls
 h - 4 scrolls of teleportation
 o - a scroll of immolation
 r - 4 scrolls of remove curse
 s - 2 scrolls of amnesia
 D - 3 scrolls of fog
 F - 5 scrolls of magic mapping
 G - 3 scrolls of identify
 H - 3 scrolls of enchant armour
 L - 2 scrolls of blinking
Potions
 e - 2 potions of invisibility {unknown}
 j - a potion of resistance
 l - 3 potions of brilliance {unknown}
 m - a potion of ambrosia {unknown}
 p - 6 potions of curing
 q - 2 potions of cancellation {unknown}
 t - 5 potions of mutation {unknown}
 u - 3 potions of flight
 x - 2 potions of degeneration
 z - 2 potions of magic {unknown}
 A - 7 potions of heal wounds
 E - 2 potions of haste
Comestibles
 f - 27 rations


   Skills:
 + Level 6.8 Fighting
 + Level 10.7 Axes
 + Level 6.1 Armour
 + Level 1.3 Dodging
 + Level 1.5 Stealth
 + Level 7.5 Shields
 + Level 0.1 Invocations


You had 9 spell levels left.
You didn't know any spells.
Your spell library contained the following spells:

 Spells                   Type           Power        Failure   Level  Hunger
 Animate Skeleton         Necr           N/A          100%        1    ##.....
 Apportation              Tloc           #.....       100%        1    ##.....
 Confusing Touch          Hex            #.....       100%        1    ##.....
 Pain                     Necr           #...         100%        1    ##.....
 Sting                    Conj/Pois      #...         100%        1    ##.....
 Summon Small Mammal      Summ           #...         100%        1    ##.....
 Poisonous Vapours        Pois/Air       #.....       100%        2    ###....
 Mephitic Cloud           Conj/Pois/Air  #.......     100%        3    ####...
 Regeneration             Chrm/Necr      #.........   100%        3    ####...
 Vampiric Draining        Necr           #.........   100%        3    ####...
 Animate Dead             Necr           N/A          100%        4    #####..
 Olgreb's Toxic Radiance  Pois           #.......     100%        4    #####..
 Venom Bolt               Conj/Pois      #.........   100%        5    ######.


Dungeon Overview and Level Annotations

Branches:
Dungeon (10/15)            Temple (1/1) D:5
   Lair: D:8-11         Orc: D:9-12

Altars:
Elyvilon
Hepliaklqana
Kikubaaqudgha
Nemelex Xobeh
Okawaru
Qazlal
Sif Muna
Vehumet
Xom

Shops:
D:8 ?   D:9 ?

Annotations:
D:5 exclusion: statue
D:10 Fannar


Innate Abilities, Weirdness & Mutations

Your flesh is cold resistant. (rC+)
When hurt, damage is shared between your health and your magic reserves.
You regenerate magic rapidly.
You are immune to freezing clouds.


Message History

You barely miss Fannar.
Fannar is severely wounded.
You block Fannar's attack.
You miss Fannar.
Fannar is severely wounded.
You slash the ice beast!
Fannar casts a spell.
The centaur unwields a +0 shortbow.
You block the centaur's attack. You block the ice beast's attack.
You slash Fannar!
Fannar is almost dead.
You hit the ice beast. You hit the centaur. The centaur hits you.
* * * LOW HITPOINT WARNING * * *
Fannar hits you but does no damage.
The ice beast hits you but does no damage.
You closely miss Fannar.
Fannar is almost dead.
You hit the ice beast but do no damage. You hit the ice beast.
You slash the centaur! The centaur hits you.
You die...

.. .... #..#..
.... ##.#... .....
###...... ##.....
##........ .......
.........##.......
..........Yc......
#.........@e......
.##.......Y.......
..................
.......<##........
......###.........
..#.. #........ #.
#........ #
......... .....#.


You could see Fannar, 2 ice beasts and a centaur.

Vanquished Creatures
  A two-headed ogre (D:10)
  A hippogriff (D:9)
  A spriggan (D:7)
  Eustachio (D:6)
  9 yaks (D:9)
  2 water moccasins
  2 orc warriors
  3 sky beasts
  Purgy (Sewer)
  3 ice beasts
  A phantom (D:4)
  An ogre (D:4)
  3 centaurs
  4 bullfrogs
  2 big kobolds
  A scorpion (D:3)
  4 killer bees (D:9)
  10 wights
  4 howler monkeys
  3 crimson imps
  A bullfrog zombie (D:7)
  3 centaur zombies
  A jelly (D:6)
  2 bullfrog skeletons
  5 hounds
  7 orc priests
  14 orc wizards
  A centaur skeleton (D:4)
  2 iguanas
  4 worker ants
  A hound skeleton (D:10)
  2 mummies (Ossuary)
  A worker ant zombie (D:5)
  A gnoll (D:8)
  12 adders
  5 shadow imps
  4 adder skeletons
  5 adder zombies
  5 worms
  4 dart slugs
  6 leopard geckos
  34 orcs
  12 bats
  11 giant cockroaches
  8 goblins
  7 hobgoblins
  13 jackals
  4 quokkas
  3 ball pythons (Sewer)
  9 frilled lizards
  2 goblin zombies (Ossuary)
  10 hobgoblin zombies (Ossuary)
  A jackal zombie (Ossuary)
  19 kobolds
  10 kobold zombies (Ossuary)
  A leopard gecko skeleton (D:4)
  7 orc zombies (Ossuary)
  10 rats
  A rat zombie (Ossuary)
305 creatures vanquished.

Vanquished Creatures (others)
  A black bear (D:7)
  A shadow imp (D:7)
2 creatures vanquished.

Grand Total: 307 creatures vanquished

Notes
Turn   | Place    | Note
-------+----------+-------------------------------------------
     0 | D:1      | galech the Demonspawn Fighter began the quest for the Orb.
     0 | D:1      | Reached XP level 1. HP: 18/18 MP: 1/1
   399 | D:1      | Gained mutation: When hurt, damage is shared between your
                  | health and your magic reserves. [demonic ancestry]
   399 | D:1      | Reached XP level 2. HP: 21/24 MP: 2/2
   645 | D:1      | Reached skill level 2 in Axes
   745 | D:1      | Reached XP level 3. HP: 29/29 MP: 1/3
  1663 | D:2      | Reached XP level 4. HP: 35/35 MP: 4/4
  1856 | D:3      | Reached skill level 3 in Axes
  1859 | D:3      | Gained mutation: Your flesh is cold resistant. (rC+)
                  | [demonic ancestry]
  1859 | D:3      | Reached XP level 5. HP: 22/41 MP: 3/5
  1885 | D:3      | Reached skill level 4 in Axes
  2373 | D:3      | Reached XP level 6. HP: 35/47 MP: 3/6
  2591 | D:3      | Found a hazy altar of Hepliaklqana.
  3301 | D:4      | Reached skill level 5 in Axes
  3347 | D:4      | Gained mutation: You regenerate magic rapidly. [demonic
                  | ancestry]
  3347 | D:4      | Reached XP level 7. HP: 49/53 MP: 7/7
  3901 | D:5      | Entered Level 5 of the Dungeon
  3918 | D:5      | Reached skill level 6 in Axes
  3950 | D:5      | Found an ancient bone altar of Kikubaaqudgha.
  4034 | D:5      | Reached XP level 8. HP: 26/60 MP: 8/8
  4057 | D:5      | Found a sand-covered staircase.
  4184 | Ossuary  | Entered an ossuary
  4301 | Ossuary  | Reached skill level 7 in Axes
  4610 | D:5      | Found a radiant altar of Vehumet.
  4980 | D:5      | Found a staircase to the Ecumenical Temple.
  5013 | Temple   | Entered the Ecumenical Temple
  5022 | Temple   | Became a worshipper of Warmaster Okawaru
  5306 | D:5      | Found a shimmering altar of Xom.
  5471 | D:6      | Got a warped robe
  5482 | D:6      | Identified the +1 robe of Compression {Str+4 Int+2 SInv}
                  | (You found it on level 6 of the Dungeon)
  5604 | D:6      | Found a glowing drain.
  5631 | D:6      | Reached skill level 8 in Axes
  5634 | Sewer    | Entered a sewer
  5727 | Sewer    | Noticed Purgy
  5745 | Sewer    | Killed Purgy
  5907 | D:6      | Reached skill level 5 in Shields
  5921 | D:6      | Found a stormy altar of Qazlal.
  5929 | D:6      | Reached skill level 1 in Dodging
  5929 | D:6      | Gained mutation: You are immune to freezing clouds.
                  | [demonic ancestry]
  5929 | D:6      | Reached XP level 9. HP: 58/66 MP: 9/9
  6047 | D:6      | Found a white marble altar of Elyvilon.
  6049 | D:6      | Noticed Eustachio
  6369 | D:6      | Killed Eustachio
  6369 | D:6      | Reached * piety under Okawaru
  6391 | D:6      | Reached skill level 5 in Armour
  6395 | D:6      | Reached skill level 5 in Fighting
  6989 | D:7      | Reached skill level 9 in Axes
  7394 | D:7      | Reached ** piety under Okawaru
  8288 | D:8      | Found Ballai's Magic Scroll Boutique.
  8298 | D:8      | Bought a scroll of blinking for 90 gold pieces
  8601 | D:9      | Reached XP level 10. HP: 51/76 MP: 6/10
  8633 | D:9      | Reached skill level 1 in Stealth
  8647 | D:9      | Reached skill level 10 in Axes
  9276 | D:9      | Found Senkat's Magic Scroll Shop.
  9352 | D:9      | Reached *** piety under Okawaru
  9766 | D:10     | Entered Level 10 of the Dungeon
  9774 | D:10     | Noticed a two-headed ogre
  9775 | D:10     | Noticed Fannar
  9785 | D:10     | Killed a two-headed ogre
  9785 | D:10     | Reached **** piety under Okawaru
  9799 | D:10     | HP: 3/77 [centaur/arrow (4)]
  9803 | D:10     | Slain by a centaur

Vault maps used:
D:1:      wander_arrival_fairy_ring, minmay_box_of_dots
D:2:      serial_bayou_crossing
D:3:      nicolae_overflow_hidden_temple
D:5:      vehumet_statue, kiku_gazebo_garden_becter, marbit_many_paths,
          temple_pool_b, enter_ossuary_5, first_ration, serial_park_tiny_1,
          kennysheep_potato
D:6:      nicolae_qazlal_style_of_elements, elyvilon_altar_5,
          gup_sewer_entry_pipe, uniq_eustachio
D:7:      the_bakery, lemuel_flamethrower_2
D:8:      kennysheep_blocky_hall, serial_shops, nicolae_shop_statue_plus
D:9:      serial_shops, shop
D:10:     basic_altar, uniq_harold, uniq_fannar
Temple:   nicolae_temple_elliptical
Sewer:    sewer_co_purgy_island
Ossuary:  ossuary_tomb_1

Skill      XL: |  1  2  3  4  5  6  7  8  9 10 |
---------------+-------------------------------+-----
Armour         | 3 4 5 6 |  6.1
Shields        | 3 4 5 6 7 |  7.5
Axes           | 2 3 4 5 6 8 9 10 | 10.7
Fighting       | 4 6 |  6.8
Dodging        | 1 |  1.3
Stealth        | 1 |  1.5
Invocations    | |  0.1

Action                   |  1- 3 |  4- 6 |  7- 9 | 10-12 || total
-------------------------+-------+-------+-------+-------++-------
Melee: War axe           |   156 |   229 |   716 |   177 ||  1278
Invok: Heroism           |       |       |       |     2 ||     2
  Use: Potion            |       |     1 |       |       ||     1
       Scroll            |       |       |    16 |     1 ||    17
 Stab: Sleeping          |       |       |     1 |       ||     1
  Eat: Chunk             |     2 |     7 |    18 |     4 ||    31
Armor: Scale mail        |    13 |       |       |       ||    13
       Plate armour      |   110 |   192 |   549 |   104 ||   955
       Robe              |       |       |     9 |       ||     9
Dodge: Dodged            |    17 |    31 |   101 |    27 ||   176
Block: Shield            |    82 |   136 |   420 |    88 ||   726
       Large shield      |       |       |       |    21 ||    21

Table legend:
 A = Non-vault XP
 B = Vault XP
 C = Vault XP percentage of total XP
 D = Non-vault monster count
 E = Vault monster count
 F = Vault count percentage of total count
                 A         B        C        D         E       F
            +---------+---------+-------+---------+---------+-------
      Total |    8685 |     911 |   9.5 |     241 |      64 |  21.0
            +---------+---------+-------+---------+---------+-------
        D:1 |      36 |       6 |  14.3 |      20 |       4 |  16.7
        D:2 |      67 |       0 |   0.0 |      18 |       0 |   0.0
        D:3 |     288 |       0 |   0.0 |      37 |       0 |   0.0
        D:4 |     624 |       0 |   0.0 |      27 |       0 |   0.0
        D:5 |    1106 |       3 |   0.3 |      41 |       1 |   2.4
        D:6 |    1075 |     217 |  16.8 |      21 |       7 |  25.0
        D:7 |    1002 |     229 |  18.6 |      29 |       1 |   3.3
        D:8 |      57 |     124 |  68.5 |       4 |       4 |  50.0
        D:9 |    3457 |       0 |   0.0 |      41 |       0 |   0.0
       D:10 |     973 |       0 |   0.0 |       3 |       0 |   0.0
      Sewer |       0 |     150 | 100.0 |       0 |       8 | 100.0
    Ossuary |       0 |     182 | 100.0 |       0 |      39 | 100.0
            +---------+---------+-------+---------+---------+-------
